 Dungeon Crawl Stone Soup version 0.26-b1-32-g5d43845318 (webtiles) character file.

Game seed: 16194896747415940663

2134 kaesh the Cleaver (level 9, -10/118 HPs)
             Began as a Minotaur Berserker on Jan 8, 2021.
             Was a Priest of Trog.
             Mangled by Duvessa
             ... wielding a +2 short sword of venom
              (15 damage)
             ... on level 6 of the Dungeon.
             The game lasted 00:08:44 (6605 turns).

kaesh the Cleaver (Minotaur Berserker)              Turns: 6605, Time: 00:08:45

Health: -10/118    AC: 13    Str: 25    XL:     9   Next: 9%
Magic:  8/8        EV: 10    Int:  4    God:    Trog [***...]
Gold:   389        SH: 16    Dex: 15    Spells: 8/8 levels left

rFire    + . .     SeeInvis .   m - +3 hand axe
rCold    x . .     Faith    .   b - +0 tower shield
rNeg     + . .     Spirit   .   h - +4 ring mail "Wiestot" {Dex+5}
rPois    .         Reflect  .   d - +2 hat
rElec    .         Harm     .   (no cloak)
rCorr    .         Rampage  .   (no gloves)
Will     .....     Clarity  +   (no boots)
Stlth    ..........             (no amulet)
HPRegen  0.29/turn              g - ring of fire
MPRegen  0.11/turn              l - ring of positive energy

@: berserking, lethally poisoned (-10 -> -83), very quick
A: retaliatory headbutt, horns 2, clarity, shaggy fur 1
a: Renounce Religion, Berserk, Trog's Hand


You were on level 6 of the Dungeon.
You worshipped Trog.
Trog was most pleased with you.
You visited 1 branch of the dungeon, and saw 6 of its levels.

You collected 389 gold pieces.

Inventory:

Hand Weapons
 a - a +1 hand axe
 k - a +0 war axe
 m - a +3 hand axe (weapon)
Armour
 b - a +0 tower shield (worn)
 d - a +2 hat (worn)
 h - the +4 ring mail "Wiestot" (worn) {Dex+5}
   (You found it on level 5 of the Dungeon)

   It affects your dexterity (+5).
 n - a +0 plate armour
Jewellery
 g - a ring of fire (left hand)
 l - a ring of positive energy (right hand)
Wands
 i - a wand of digging (6)
Scrolls
 c - a scroll of teleportation
 e - 6 scrolls of identify
 o - 3 scrolls of remove curse
Potions
 f - 3 potions of might
 j - 2 potions of flight


   Skills:
 + Level 7.3 Fighting
 + Level 10.0 Axes
 + Level 5.0 Armour
 + Level 5.5 Dodging
 + Level 4.9 Shields


You had 8 spell levels left.
You didn't know any spells.
Your spell library was empty.

Dungeon Overview and Level Annotations

Branches:
Dungeon (6/15)             Temple (0/1) D:5

Altars:
Nemelex Xobeh
Trog
Uskayaw
Yredelemnul

Annotations:
D:6 Duvessa


Innate Abilities, Weirdness & Mutations

You reflexively headbutt those who attack you in melee.
You have a pair of horns on your head.
You possess an exceptional clarity of mind.
You are covered in fur. (AC +1)


Message History

Unknown command.
You closely miss something. You headbutt something.
* * * LOW HITPOINT WARNING * * *
You feel very sick. Something hits you but does no damage.
You are more poisoned.
You miss something.
* * * LOW HITPOINT WARNING * * *
You feel very sick. Something hits you but does no damage.
You are more poisoned.
You completely miss something.
* * * LOW HITPOINT WARNING * * *
You feel very sick. You block something's attack.
You miss something.
* * * LOW HITPOINT WARNING * * *
You feel very sick. Something hits you!
You die...

#.....#.# #.# ## #.......####
#.# #. ##......)..###.# #.
****#####..[.####.#.#.#####.
*,,,..........?#............
*****###.....................
**,***##............#.#.......
*,,,,,...>.................##.
**,***##.....@......#.#.#...#.
*,,,,.......){...............
*,***........[.........##....
*,***.#......................
*,,,,.?.....................#
*****.##.#..................#
*,*#......$##.###...._..#
*,*###.#.###*.# #.......#
*,,,,,,,,,,,,,**#........


There were no monsters in sight!

Vanquished Creatures
  Pikel (D:6)
  Grinder (D:6)
  Eustachio (D:6)
  Edmund (D:4)
  An ice beast (D:5)
  An orc warrior (D:6)
  A sky beast (D:6)
  A black bear (D:6)
  An ogre (D:5)
  A centaur (D:4)
  A bullfrog (D:6)
  Dowan (D:6)
  2 jellies
  An orc priest (D:6)
  2 orc wizards (D:6)
  A gnoll shaman (D:5)
  Ijyb (D:5)
  An iguana (D:4)
  10 gnolls
  2 worker ant zombies
  14 adders
  An ooze (D:5)
  3 worms
  A dart slug (D:2)
  4 leopard geckos
  16 orcs
  9 bats
  6 giant cockroaches
  6 goblins
  6 hobgoblins
  5 jackals (D:3)
  5 kobolds
  6 quokkas
  2 ball pythons (D:3)
  4 frilled lizards
  A leopard gecko skeleton (D:6)
  7 rats
128 creatures vanquished.

Notes
Turn   | Place    | Note
-------+----------+-------------------------------------------
     0 | D:1      | kaesh the Minotaur Berserker began the quest for the Orb.
     0 | D:1      | Reached XP level 1. HP: 19/19 MP: 0/0
   320 | D:1      | Reached XP level 2. HP: 27/27 MP: 1/1
   338 | D:1      | Reached skill level 4 in Axes
   762 | D:1      | Found a sparkling altar of Nemelex Xobeh.
  1459 | D:2      | Reached XP level 3. HP: 32/33 MP: 2/2
  1966 | D:2      | Reached ** piety under Trog
  1972 | D:2      | Reached XP level 4. HP: 39/41 MP: 3/3
  2336 | D:2      | Reached skill level 5 in Axes
  3257 | D:3      | Reached XP level 5. HP: 47/47 MP: 4/4
  3483 | D:3      | Reached skill level 6 in Axes
  3489 | D:3      | Reached skill level 5 in Fighting
  3715 | D:4      | Noticed a centaur
  3724 | D:4      | Killed a centaur
  3725 | D:4      | Reached XP level 6. HP: 13/56 MP: 5/5
  4340 | D:4      | Noticed Edmund
  4358 | D:4      | Killed Edmund
  4780 | D:5      | Entered Level 5 of the Dungeon
  4800 | D:5      | Noticed an ice beast
  4810 | D:5      | Killed an ice beast
  4811 | D:5      | Reached skill level 7 in Axes
  4811 | D:5      | Reached XP level 7. HP: 62/62 MP: 6/6
  4844 | D:5      | Found a staircase to the Ecumenical Temple.
  4871 | D:5      | Got a steaming ring mail
  4882 | D:5      | Identified the +4 ring mail "Wiestot" {Dex+5} (You found it
                  | on level 5 of the Dungeon)
  4942 | D:5      | Found a hide-covered altar of Uskayaw.
  5038 | D:5      | Noticed Ijyb
  5043 | D:5      | Killed Ijyb
  5316 | D:5      | Reached skill level 1 in Shields
  5320 | D:5      | Reached *** piety under Trog
  5374 | D:5      | Found a basalt altar of Yredelemnul.
  5724 | D:6      | Noticed Grinder
  5735 | D:6      | Killed Grinder
  5736 | D:6      | Reached skill level 8 in Axes
  5885 | D:6      | Noticed Eustachio
  5889 | D:6      | Reached XP level 8. HP: 70/70 MP: 7/7
  5911 | D:6      | Killed Eustachio
  5912 | D:6      | Reached skill level 5 in Dodging
  5938 | D:6      | Gained mutation: You are covered in fur. (AC +1) [potion of
                  | mutation]
  5938 | D:6      | Gained mutation: You possess an exceptional clarity of
                  | mind. [potion of mutation]
  5943 | D:6      | Noticed Pikel
  5950 | D:6      | Killed Pikel
  5951 | D:6      | Reached skill level 9 in Axes
  6326 | D:6      | Reached skill level 5 in Armour
  6326 | D:6      | Reached XP level 9. HP: 62/79 MP: 8/8
  6399 | D:6      | Found a bloodstained altar of Trog.
  6531 | D:6      | Reached skill level 10 in Axes
  6583 | D:6      | Noticed Dowan
  6584 | D:6      | Noticed Duvessa
  6592 | D:6      | Killed Dowan
  6605 | D:6      | HP: 5/118 [poisoned by Duvessa]
  6605 | D:6      | Mangled by Duvessa

Illustrated notes

Levels and vault maps discovered:
D:1:      sevenhm_arrival_forest_fort_small_5, layout_basic,
          nemelex_xobeh_ov_fountains_minmay
D:2:      kennysheep_six_static_rooms, layout_basic, minmay_split_cup_small
D:3:      layout_rooms
D:4:      layout_loops_ring, uniq_edmund
D:5:      layout_loops_ring, general_overflow_altar,
          minmay_temple_entry_statues_fountains, basic_altar, uniq_ijyb
D:6:      layout_basic, basic_altar, nrook_mini_vaults, uniq_duvessa,
          uniq_eustachio, uniq_grinder, uniq_pikel

Skill      XL: |  1  2  3  4  5  6  7  8  9 |
---------------+----------------------------+-----
Axes           | 4 5 6 7 8 9 10 | 10.0
Fighting       | 4 5 6 7 |  7.3
Dodging        | 3 4 5 |  5.5
Armour         | 3 4 5 |  5.0
Shields        | 2 4 |  4.9

Action                   |  1- 3 |  4- 6 |  7- 9 || total
-------------------------+-------+-------+-------++-------
Melee: Hand axe          |    78 |   118 |   153 ||   349
       Headbutt          |    12 |    20 |    49 ||    81
       War axe           |       |       |    13 ||    13
Invok: Berserk           |       |     2 |     3 ||     5
  Use: Scroll            |     1 |     7 |     3 ||    11
       Potion            |       |     5 |     1 ||     6
 Stab: Sleeping          |     1 |       |       ||     1
Armor: Animal skin       |    14 |    20 |       ||    34
       Chain mail        |       |    14 |     5 ||    19
       Ring mail         |       |       |    33 ||    33
Dodge: Dodged            |    53 |    69 |    33 ||   155
Block: Tower shield      |       |    14 |    91 ||   105
